Selects Luftwaffe Battlegroup
Selects Luftwaffe Pioneer Support
Fallschirmpioneer Squad Paradrop
Construct Infanterie Kompanie
Fallschirmpioneer Squad Paradrop
Infanterie Officer Quarters
Selects Flak 38 Anti-Air Emplacement
Fallschirmpioneer Squad Paradrop
Construct Panzergrenadier Kompanie
Selects Flak 36 Anti-tank Gun Emplacement
Fallschirmpioneer Squad Paradrop
Panzergrenadier Officer Quarters
Selects Stuka Strafing Run
Fallschirmpioneer Squad Paradrop
Selects Fallschirmjäger Squad Paradrop
Selects Fragmentation Bombs